Map: Void Thrashing

Players

Hotsauce

  • Race: Zerg Zerg
  • Spawn Location: 9:00

gamingSquad

  • Race: Terran Terran

VOD

Have the link to the VOD?

Description

Time

  • Played on: Oct. 17, 2025, 6:29 p.m.
  • Length: 23:58
Show
View Real Time Build Order
Export as new Build Order

Hotsauce Zerg 

Build Orders:  

Get SALT Encoding   

  6  0:10  Drone x2  
  7  0:20  Drone x2  
  8  0:30  Drone x2  
  8  0:37  Drone x2  
  10  0:49  Overlord  
  10  0:58  Drone x2  
  11  1:05  Drone x2  
  11  1:09  Extractor  
  11  1:13  Extractor  
  11  1:24  Drone x2  
  11  1:26  Drone x2  
  13  1:39  Drone x2  
  14  1:47  Drone x2  
  15  1:50  Overlord  
  15  2:11  Spawning Pool  
  15  2:18  Overlord  
  14  2:42  Baneling Nest  
  14  2:44  Lair  
  14  2:48  Swarmling x4  
  14  2:49  Swarmling x8  
  20  3:02  Drone x2  
  21  3:15  Overlord  
  21  3:16  Overlord  
  21  3:47  Scourge Nest  
  24  4:09  Hatchery  
  28  4:23  Extractor  
  25  4:35  Drone x2  
  25  4:36  Drone x6  
  33  4:51  Virulent Spores  
  30  5:04  Hive  
  30  5:05  Scourge  
  30  5:06  Scourge x3  
  17  5:13  Centrifugal Hooks  
  17  5:17  Queen  
  24  5:20  Extractor  
  24  5:35  Scourge  
  24  5:36  Scourge x3  
  24  5:43  Overlord  
  28  6:05  Scourge  
  28  6:06  Scourge x3  
  18  6:19  Simplified Genome  
  24  6:30  Drone x2  
  24  6:31  Drone x8  
  24  6:32  Drone x2  
  24  6:35  Scourge  
  24  6:36  Scourge x3  
  25  6:46  Queen  
  31  6:52  Overlord  
  31  7:03  Corrosive Acid  
  31  7:05  Scourge  
  31  7:06  Scourge x3  
  31  7:19  Unknown  
  33  7:35  Scourge  
  33  7:36  Scourge x3  
  33  7:39  Ventral Sacs  
  33  7:44  Drone x2  
  40  7:50  Drone x2  
  41  8:05  Evolution Chamber, Scourge  
  41  8:06  Scourge x3  
  45  8:33  Rupture  
  45  8:35  Scourge  
  45  8:36  Scourge x3, Unknown  
  33  9:05  Scourge  
  33  9:06  Scourge x3  
  31  9:11  Spine Crawler  
  31  9:17  Metabolic Boost  
  32  9:25  Swarmling x8  
  32  9:26  Swarmling x80  
  76  9:31  Overlord  
  76  9:32  Overlord x5  
  76  9:43  Scourge  
  76  9:44  Scourge x3  
  80  10:11  Overlord x3  
  80  10:13  Scourge x4  
  80  10:17  Hardened Carapace  
  69  10:43  Scourge x4  
  36  10:50  Swarmling x4  
  36  10:51  Swarmling x24  
  49  11:13  Scourge x4  
  49  11:17  Adrenal Overload  
  49  11:27  Swarmling x4  
  49  11:28  Swarmling x60  
  49  11:29  Swarmling x24  
  92  11:43  Scourge x4  
  81  12:13  Scourge x4  
  81  12:17  Shredding Claws  
  48  12:43  Scourge x4  
  48  13:13  Scourge x4  
  51  13:43  Scourge x4  
  55  14:13  Scourge x4  
  53  14:28  Swarmling x4  
  53  14:29  Swarmling x60  
  109  14:30  Swarmling x80  
  127  14:43  Scourge x4  
  110  15:13  Scourge x4  
  110  15:19  Scourge x9  
  111  15:20  Scourge x54  
  111  15:21  Scourge x3  
  120  15:43  Scourge x4  
  103  15:56  Swarmling x4  
  103  15:57  Swarmling x12  
  89  16:13  Scourge x4  
  93  16:43  Scourge x4  
  94  17:13  Scourge x4  
  77  17:21  Swarmling x12  
  77  17:22  Swarmling x80  
  88  17:43  Scourge x4  
  90  18:13  Scourge x4  
  95  18:43  Scourge x4  
  93  19:13  Scourge x4  
  97  19:43  Scourge x4  
  100  20:13  Scourge x4  
  94  20:43  Scourge x4  
  85  21:13  Scourge x4  
  73  21:43  Scourge x4  
  51  22:13  Scourge x4  
  37  22:43  Scourge x4  
  32  22:54  Swarmling x4  
  32  22:55  Swarmling x40  
  56  23:00  Swarmling x4  
  56  23:01  Swarmling x40  
  75  23:13  Scourge x4  
  76  23:43  Scourge x4  
Show
View Real Time Build Order
Export as new Build Order

gamingSquad Terran 

Build Orders:  

Get SALT Encoding   

  12  0:05  Starport Tech Lab  
  12  0:33  Assault Galleon  
  12  0:40  Assault Galleon  
  13  1:20  SCV  
  13  1:28  Supply Depot  
  13  1:35  Assault Galleon  
  13  1:37  SCV  
  14  1:56  Refinery  
  14  2:06  SCV  
  16  2:23  SCV  
  16  3:00  Assault Galleon  
  16  3:08  Assault Galleon  
  16  3:24  Engineering Bay  
  16  3:59  Command Center  
  16  4:10  Aerosol Stim Emitters  
  16  4:50  Refinery  
  16  4:52  Wildfire Explosives  
  16  4:56  Refinery  
  16  4:57  SCV  
  18  5:13  SCV  
  18  5:17  Hellbat  
  18  5:18  Hellbat  
  18  5:19  Hellbat  
  25  5:30  SCV  
  26  6:13  SCV  
  26  6:14  Hellbat x4  
  35  6:30  SCV  
  35  6:47  SCV  
  34  6:50  Immolation Fluid  
  34  7:00  Supply Depot  
  26  7:45  Refinery  
  28  7:50  SCV  
  28  7:52  Armory, SCV  
  28  8:06  SCV  
  28  8:09  SCV  
  30  8:13  Hellbat  
  30  8:14  Hellbat x3  
  30  8:15  Hellbat  
  41  8:23  SCV  
  41  8:26  SCV  
  44  8:40  SCV  
  44  8:42  SCV  
  44  8:57  SCV  
  44  8:59  SCV  
  47  9:14  SCV  
  47  9:15  Hellbat  
  47  9:16  Hellbat, SCV  
  52  9:26  Hellbat  
  52  9:27  Hellbat  
  52  9:28  Hellbat  
  52  9:29  Hellbat x2  
  58  9:31  SCV  
  58  9:33  SCV  
  58  9:36  Hellbat  
  56  9:48  SCV  
  57  10:05  SCV  
  58  10:17  Fusion Core  
  58  10:24  Supply Depot  
  58  10:28  Supply Depot  
  58  10:48  Hellbat x2  
  60  11:02  Strike Fighter Platform  
  64  11:11  Strike Fighter Platform  
  64  11:17  SCV  
  64  11:19  SCV  
  67  11:34  SCV  
  67  11:36  SCV  
  70  11:50  SCV, Multi-Threaded Sensors  
  70  11:53  SCV  
  70  12:03  Strike Fighter Platform  
  70  12:04  Strike Fighter Platform  
  70  12:07  SCV  
  76  12:10  SCV  
  76  12:15  Strike Fighter Platform  
  78  12:20  Reaper  
  78  12:27  SCV  
  80  12:37  Theia Raven  
  78  12:40  Drone Hangar x4  
  78  12:53  Unregistered Cloak System  
  76  13:35  SCV  
  77  13:56  Trigger Override  
  80  14:34  Supply Depot  
  80  14:38  Supply Depot  
  80  14:39  Drone Hangar  
  80  15:02  Hellbat x2  
  80  15:03  Hellbat  
  80  15:04  Hellbat  
  88  15:12  Hellbat x2  
  88  15:13  Hellbat  
  88  15:14  Hellbat  
  96  15:22  Hellbat x3  
  96  15:23  Hellbat  
  96  15:24  Hellbat  
  106  15:41  Sovereign Battlecruiser  
  116  15:56  Strike Fighter Platform  
  118  16:00  Supply Depot  
  118  16:04  Supply Depot  
  118  16:06  Supply Depot  
  118  16:34  Asteria Wraith  
  118  16:39  Tactical Jump  
  126  17:21  Strike Fighter Platform  
  130  17:31  Strike Fighter Platform x2  
  130  17:36  Strike Fighter Platform  
  134  17:42  Supply Depot  
  132  18:23  Hellbat  
  132  18:24  Hellbat x4  
  121  18:33  Hellbat  
  121  18:34  Hellbat x4  
  119  18:43  Hellbat  
  119  18:44  Hellbat x4  
  119  18:53  Hellbat  
  119  18:54  Hellbat x4  
  127  19:03  Hellbat  
  127  19:04  Hellbat x4  
  138  19:13  Hellbat x3  
  138  19:14  SCV  
  145  19:30  SCV  
  139  21:02  Sovereign Battlecruiser  
  147  21:53  Sovereign Battlecruiser  
  147  21:56  Asteria Wraith  
Tags
 
Add a new tag
Caveats
  • Supply blocks, unpowered buildings, or Contaminate may cause inaccurate times.
  • Supply counts are checked every 10 seconds.